 Dungeon Crawl Stone Soup version 0.28.0-45-g0d030f2227 (webtiles) character file.

Game seed: 10691495111966025466

64 Peloso the Shield-Bearer (level 3, -1/33 HPs)
             Began as a Minotaur Fighter on Apr 20, 2022.
             Slain by an orc priest
             ... wielding a +0 mace
              (3 damage)
             ... on level 3 of the Dungeon.
             The game lasted 00:02:45 (1932 turns).

Peloso the Shield-Bearer (Minotaur Fighter)         Turns: 1932, Time: 00:02:46

Health: -1/33      AC:  7    Str: 20    XL:     3   Next: 91%
Magic:  2/2        EV:  9    Int: 14    God:
Gold:   70         SH:  4    Dex: 11    Spells: 2/2 levels left

rFire   . . .      SeeInvis .   a - +0 long sword
rCold   . . .      Faith    .   c - +0 buckler
rNeg    . . .      Spirit   .   f - +0 scale mail
rPois   .          Reflect  .   p - +0 hat of the Untouchables {Int+7}
rElec   .          Harm     .   (no cloak)
rCorr   .          Rampage  .   (no gloves)
Will    +....      Clarity  +   (no boots)
Stlth   ..........              (no amulet)
HPRegen 0.11/turn               (no ring)
MPRegen 0.08/turn               (no ring)

@: no status effects
A: horns 2, retaliatory headbutt, clarity, clever 1, strong-willed 1
a: no special abilities


You were on level 3 of the Dungeon.
You visited 1 branch of the dungeon, and saw 3 of its levels.

You collected 70 gold pieces.

Inventory:

Hand Weapons
 a - a +0 long sword (weapon)
 b - a +3 whip
Armour
 c - a +0 buckler (worn)
 f - a +0 scale mail (worn)
 p - the +0 hat of the Untouchables (worn) {Int+7}
   (You found it on level 2 of the Dungeon)

   Int:       It affects your intelligence (+7).
Jewellery
 h - a ring of wizardry
Scrolls
 e - a scroll of silence {unknown}
 g - a scroll of enchant weapon {unknown}
 i - a scroll of holy word {unknown}
 k - 2 scrolls of identify {unknown}
 l - a scroll of blinking {unknown}
 m - 3 scrolls of magic mapping {unknown}
 r - a scroll of teleportation {unknown}
Potions
 d - a potion of might
 o - a potion of heal wounds {unknown}
 q - a potion of cancellation {unknown}


   Skills:
 + Level 4.1 Fighting
 + Level 3.7 Long Blades
 + Level 4.1 Armour
 + Level 0.6 Dodging
 + Level 0.1 Stealth
 + Level 4.1 Shields


You had 2 spell levels left.
You didn't know any spells.
Your spell library contained the following spells:

 Spells                   Type           Power      Damage    Failure   Level
 Sting                    Tmut/Pois      0%         1d3       71%         1
 Call Canine Familiar     Summ           0%         N/A       97%         3
 Portal Projectile        Hex/Tloc       0%         N/A       97%         3
 Leda's Liquefaction      Hex/Erth       0%         N/A       100%        4


Dungeon Overview and Level Annotations

Branches:
Dungeon (3/15)

Altars:
Trog


Innate Abilities, Weirdness & Mutations

You have a pair of horns on your head.
You reflexively headbutt those who attack you in melee.
You possess an exceptional clarity of mind.
Your mind is acute. (Int +2)
You are strong-willed. (Will+)


Message History

An orc comes into view. It is wielding a +0 club.
There are monsters nearby!
There are monsters nearby!
The orc shouts!
You hear a shout! x2
An orc comes into view. It is wielding a +0 short sword.
There is a stone staircase leading down here.
Items here: )))) [[ ††.
An orc priest comes into view. It is wielding a +0 mace.
The orc priest shouts!
An orc priest comes into view. It is wielding a +0 mace.
Items here: )))) [[ ††.
You hit the orc. You headbutt the orc.
You kill the orc!
The orc priest looks satisfied for a moment.
You hit the rat.
You kill the rat!
The orc priest invokes the aid of Beogh against you.
You resist with significant effort.
Things that are here:
a +0 club; a rat corpse
Items here: )))) [[ ††.
You slash the orc!
You kill the orc!
The orc priest mumbles some strange prayers to Beogh against you.
Beogh smites you!
An endoplasm comes into view.
The orc priest calls down the wrath of Beogh upon you.
Beogh smites you!
* * * LOW HITPOINT WARNING * * *
Items here: ))))) [[ †††.
You hit the orc priest but do no damage.
The orc priest hits you but does no damage.
The orc priest miscasts a cantrip.
You barely miss the orc priest. Your headbutt misses the orc priest.
The orc priest hits you with a +0 mace.
* * * LOW HITPOINT WARNING * * *
You slash the orc priest!
The orc priest is heavily wounded.
The orc priest hits you with a +0 mace.
You die...

#.............. #.....$........
#..............
##..............
#.........(.....
#............## ########
#..........$.#
######^.....####............#
#<...)........@ooJ..........)..
######......###############....
#......# .... #......# ...
#......# ... ######## .. ..


You could see 2 orc priests and an endoplasm.

Vanquished Creatures
  An adder (D:2)
  A worm (D:2)
  A dart slug (D:1)
  6 orcs (D:3)
  4 bats
  3 endoplasms (D:1)
  3 giant cockroaches
  4 goblins
  3 hobgoblins (D:1)
  4 jackals (D:1)
  3 kobolds (D:1)
  A quokka (D:2)
  2 frilled lizards (D:1)
  A rat (D:3)
37 creatures vanquished.

Vanquished Creatures (others)
  6 fungi (D:1)
  A plant (D:1)
7 creatures vanquished.

Grand Total: 44 creatures vanquished

Notes
Turn   | Place    | Note
-------+----------+-------------------------------------------
     0 | D:1      | Peloso the Minotaur Fighter began the quest for the Orb.
     0 | D:1      | Reached XP level 1. HP: 19/19 MP: 0/0
   191 | D:1      | Reached XP level 2. HP: 18/27 MP: 1/1
   750 | D:1      | Found a faded altar of an unknown god.
   762 | D:1      | Got Plato's Volume of Venom
  1006 | D:2      | Reached XP level 3. HP: 33/33 MP: 2/2
  1254 | D:2      | Identified the +0 hat of the Untouchables {Int+7}
  1729 | D:2      | Found a bloodstained altar of Trog.
  1808 | D:2      | Gained mutation: You are strong-willed. (Will+) [potion of
                  | mutation]
  1808 | D:2      | Gained mutation: Your mind is acute. (Int +2) [potion of
                  | mutation]
  1808 | D:2      | Gained mutation: You possess an exceptional clarity of
                  | mind. [potion of mutation]
  1932 | D:3      | Slain by an orc priest

Illustrated notes

Levels and vault maps discovered:
D:1:      amcnicky_arrival_underground_garden, layout_rooms,
          shapermc_ecumenical_altar_rom_forum, minmay_misc_feat_five
D:2:      layout_basic, basic_altar
D:3:      layout_basic, minivault_19, uniq_ijyb, uniq_robin

Skill      XL: |  1  2 |
---------------+-------+-----
Shields        | 4 |  4.1
Fighting       | 4 |  4.1
Long Blades    | 3 |  3.7
Armour         | 4 |  4.1
Dodging        | |  0.6
Stealth        | |  0.1

Action                   || total
-------------------------++-------
Melee: Long sword        ||    81
       Headbutt          ||    10
  Use: Potion            ||     2
Armor: Scale mail        ||    50
Dodge: Dodged            ||    38
Block: Buckler           ||    17
